 Dungeon Crawl Stone Soup version 0.32-a0-735-gad06451 (webtiles) character file.

Game seed: 6795384558104821622

1533 Mun00t the Fighter (level 8, 0/88 HPs)
             Began as an Oni Warper on Feb 25, 2024.
             Was an Initiate of Hepliaklqana.
             Slain by a water moccasin (7 damage)
             ... on level 6 of the Dungeon on Mar 16, 2024.
             The game lasted 00:18:04 (7281 turns).

Mun00t the Fighter (Oni Warper)                     Turns: 7281, Time: 00:18:05

Health: 0/88       AC:  6    Str: 24    XL:     8   Next: 85%
Magic:  7/21       EV:  8    Int: 17    God:    Hepliaklqana [......]
Gold:   215        SH:  4    Dex:  2    Spells: 7/11 levels left

rFire   . . .        e - +0 giant club
rCold   . . .        (shield currently unavailable)
rNeg    . . .        r - +1 robe of Vlad {MP+9 Str+2 Int+4 Dex-5}
rPois   .            (helmet restricted)
rElec   .            g - scarf {repulsion}
rCorr   .            (gloves unavailable)
SInv    .            (boots unavailable)
Will    .....        (no amulet)
Stlth   +            (no ring)
HPRegen 0.34/turn    (no ring)
MPRegen 0.17/turn

%: repel missiles
@: lethally poisoned (0 -> -13), weak-willed
A: large, unfitting armour, horns 1, tough skin 1, double potion healing,
drunken brawling, iridescent scales 1, large bone plates 1, high MP 1, strong 1
a: Renounce Religion


You were on level 6 of the Dungeon.
You worshipped Hepliaklqana.
Hepliaklqana was noncommittal.
You visited 1 branch of the dungeon, and saw 6 of its levels.

You collected 215 gold pieces.

Inventory:

Hand Weapons
 e - a +0 giant club (weapon)
Missiles
 d - 6 darts of dispersal
 j - 10 boomerangs
 k - 2 throwing nets
 o - 3 poisoned darts
Armour
 g - a scarf of repulsion (worn)
 r - the +1 robe of Vlad (worn) {MP+9 Str+2 Int+4 Dex-5}
   (You found it on level 6 of the Dungeon)

   Str+2:     It affects your strength (+2).
   Int+4:     It affects your intelligence (+4).
   Dex-5:     It affects your dexterity (-5).
   MP+9:      It affects your magic capacity (+9).
Jewellery
 a - an amulet of reflection
Wands
 n - a wand of flame (6)
Scrolls
 f - a scroll of enchant armour
 i - a scroll of identify
Potions
 b - a potion of invisibility {unknown}
 p - a potion of brilliance {unknown}
 q - 2 potions of attraction


   Skills:
 - Level 8.0 Fighting
 * Level 4.5 Maces & Flails
 - Level 1.0 Throwing
 - Level 2.2 Dodging
 - Level 2.4 Spellcasting
 + Level 7.9 Translocations


You had 7 spell levels left.
You knew the following spells:

 Your Spells              Type           Power      Damage    Failure   Level
a - Manifold Assault      Tloc           29%        N/A       7%          4

Your spell library contained the following spells:

 Spells                   Type           Power      Damage    Failure   Level
 Apportation              Tloc           58%        N/A       1%          1
 Blink                    Tloc           58%        N/A       1%          2
 Lesser Beckoning         Tloc           58%        N/A       1%          2
 Teleport Other           Tloc           29%        N/A       2%          3
 Necrotise                Necr           8%         1d4       19%         1
 Shock                    Conj/Air       8%         1d3       19%         1
 Sting                    Conj/Alch      8%         1d3       19%         1
 Summon Small Mammal      Summ           8%         N/A       19%         1
 Vhi's Electric Charge    Tloc/Air       30%        N/A       36%         4
 Dazzling Flash           Conj/Hex       4%         N/A       50%         3
 Mephitic Cloud           Conj/Alch/Air  2%         N/A       50%         3
 Stone Arrow              Conj/Erth      4%         3d7       50%         3
 Swiftness                Air            2%         N/A       50%         3
 Airstrike                Air            1%         2d(1-17)  88%         4
 Animate Armour           Summ/Erth      4%         N/A       88%         4
 Curse of Agony           Necr           2%         N/A       99%         5
 Silence                  Hex/Air        1%         N/A       99%         5
 Lehudib's Crystal Spear  Conj/Erth      1%         10d2      100%        8


Dungeon Overview and Level Annotations

Branches:
Dungeon (6/15)             Temple (0/1) D:6

Altars:
Hepliaklqana

Shops:
D:1 :


Innate Abilities, Weirdness & Mutations

You are too large for most types of armour.
You have a pair of small horns on your head.
You have tough skin. (AC +1)
You gain doubled healing and magic from potions.
Whenever you drink a healing potion, you attack all around you.
You are partially covered in iridescent scales. (AC +2)
You are partially covered in large bone plates. (SH +4)
You have an increased reservoir of magic. (+10% MP)
Your muscles are strong. (Str +4, Int/Dex -1)


Message History

You miss the water moccasin.
The water moccasin is moderately wounded.
You feel sick. The water moccasin bites you. The water moccasin bites you!
You are more poisoned.
The water moccasin poisons you!
You closely miss the water moccasin.
The water moccasin is moderately wounded.
You feel very sick. The water moccasin bites you.
You are more poisoned.
The water moccasin poisons you! The water moccasin bites you!
You barely miss the water moccasin.
Your headbutt misses the water moccasin.
The water moccasin is moderately wounded.
You feel extremely sick.
The water moccasin bites you but does no damage. x2
Your magical contamination has completely faded away.
You closely miss the water moccasin.
The water moccasin is moderately wounded.
You feel very sick. The water moccasin bites you.
* * * LOW HITPOINT WARNING * * *
The water moccasin bites you.
* * * LOW HITPOINT WARNING * * *
Okay, then.
As you read the scroll labelled LIME NEMAXUNAN, it crumbles to dust.
A wave of despondency washes over your surroundings.
It was a scroll of vulnerability.
You feel very sick. The water moccasin bites you.
* * * LOW HITPOINT WARNING * * *
You are lethally poisoned!
The water moccasin poisons you!
You barely miss the water moccasin.
The water moccasin is moderately wounded.
* * * LOW HITPOINT WARNING * * *
You feel very sick. You block the water moccasin's attack.
The water moccasin bites you!
You die...
Hepliaklqana delivers you to your ancestors.

*,,,,***,** *,,,** *,,,,* *,*
*,⌠,** ****,,,,***,* *,,,*,
*,,,,,,,,,*,###* ***,***
*,,,,,,,,,*,,..### *,,,,,*
*,,,,,,,,,,,,,...# *,,,,,*
*,**,,,,,,,,,,,..#######* *,,>,,*
*,**,,,,,,,***##S#......***,,,,,*
*,**,,,,,,,,*##.@.#.,,,,,,*,,,,,*
*,*****,,,,,,#...#.#***,*****,***
*,* ***,,ß,#.ß.#.# *,* *,,,*
*,*******,,,,#...#.# *,* *,⌠,**
*,*,,,,,,..,*##....####.####..,*,
*,*,*****,.#####...####.#####.***
*,*,* *..........####.###...,,*
*,*,* *........#.####.###..#,,*
*,*,*****.###..###.####.###..#,,*


You could see a water moccasin (weak-willed).

Vanquished Creatures
  Menkaure (D:4)
  Duvessa (D:4)
  A water moccasin (D:4)
  A sky beast (D:6)
  2 ogres
  2 phantoms
  2 scorpions
  Dowan (D:4)
  A jelly (D:6)
  Crazy Yiuf (D:4)
  A bombardier beetle (D:3)
  2 hounds
  An orc priest (D:4)
  A sleepcap (D:5)
  An iguana (D:4)
  7 orc wizards
  6 gnolls
  7 adders
  A white imp (D:5)
  A dart slug (D:1)
  2 ribbon worms (D:3)
  14 orcs
  7 ball pythons
  8 endoplasms
  6 giant cockroaches
  12 goblins
  8 hobgoblins
  5 jackals
  5 quokkas
  A bat (D:3)
  4 frilled lizards
  8 kobolds
  6 rats
127 creatures vanquished.

Notes
Turn   | Place    | Note
-------+----------+-------------------------------------------
     0 | D:1      | Mun00t the Oni Warper began the quest for the Orb.
     0 | D:1      | Reached XP level 1. HP: 22/22 MP: 3/3
     4 | D:1      | Upgraded the game from 0.32-a0-475-g46bb8dd to
                  | 0.32-a0-501-g8322af0
    79 | D:1      | Found Rueklow's Book Shoppe.
   104 | D:1      | Reached XP level 2. HP: 29/29 MP: 5/5
   107 | D:1      | Reached skill level 3 in Fighting
   650 | D:2      | Reached skill level 4 in Fighting
   650 | D:2      | Reached XP level 3. HP: 31/39 MP: 6/6
   775 | D:2      | Upgraded the game from 0.32-a0-501-g8322af0 to
                  | 0.32-a0-735-gad06451
   776 | D:2      | Found a faded altar of an unknown god.
   840 | D:2      | Reached skill level 5 in Fighting
   840 | D:2      | Reached XP level 4. HP: 18/50 MP: 7/7
  2175 | D:3      | Reached skill level 6 in Fighting
  2209 | D:3      | Reached XP level 5. HP: 31/61 MP: 8/8
  2586 | D:3      | Reached skill level 7 in Fighting
  2842 | D:4      | Noticed Duvessa
  2842 | D:4      | Noticed Dowan
  2854 | D:4      | Noticed an ogre
  3076 | D:4      | Noticed a phantom
  3082 | D:4      | Killed a phantom
  3083 | D:4      | Reached skill level 8 in Fighting
  3083 | D:4      | Reached XP level 6. HP: 62/72 MP: 9/9
  3123 | D:4      | Noticed Menkaure
  3134 | D:4      | Killed Menkaure
  3606 | D:3      | Reached XP level 7. HP: 44/80 MP: 10/10
  3876 | D:4      | Learned a level 4 spell: Manifold Assault
  4136 | D:4      | Reached skill level 5 in Translocations
  4158 | D:4      | Killed Duvessa
  4169 | D:4      | HP: 3/80 [Dowan/+0 dagger (4)]
  4465 | D:4      | Killed Dowan
  4803 | D:4      | Reached XP level 8. HP: 70/88 MP: 11/11
  5087 | D:4      | Found a runed translucent door.
  5088 | D:4      | Noticed Crazy Yiuf
  5348 | D:4      | Found a hazy altar of Hepliaklqana.
  5499 | D:4      | Killed Crazy Yiuf
  5564 | D:4      | Became a worshipper of Hepliaklqana the Forgotten
  5582 | D:5      | Entered Level 5 of the Dungeon
  6237 | D:5      | Gained mutation: You have an increased reservoir of magic.
                  | (+10% MP) [potion of mutation]
  6237 | D:5      | Gained mutation: Your muscles are strong. (Str +4, Int/Dex
                  | -1) [potion of mutation]
  6237 | D:5      | Gained mutation: You are partially covered in iridescent
                  | scales. (AC +2) [potion of mutation]
  6237 | D:5      | Gained mutation: You are partially covered in large bone
                  | plates. (SH +4) [potion of mutation]
  6742 | D:6      | Identified the +1 robe of Vlad {MP+9 Str+2 Int+4 Dex-5}
  6875 | D:6      | HP: 2/88 [something (6)]
  7281 | D:6      | Slain by a water moccasin

Illustrated notes

Levels and vault maps discovered:
D:1:      dpeg_arrival_tiny_a, layout_loops_cross, serial_shops, shop
D:2:      layout_basic, ebering_ecumenical_altar_box
D:3:      layout_loops_ring, minmay_pentangle
D:4:      layout_cave_pools, worldfamousw_hep_ancestral_shrine,
          minmay_divided_ellipse, uniq_menkaure, uniq_duvessa,
          uniq_crazy_yiuf_cottage
D:5:      layout_rooms, serial_glass, glass_columns_a, glass_columns_a,
          glass_columns_b, glass_columns_a, glass_columns_b, glass_columns_a
D:6:      layout_loops_ring, minmay_temple_entry_antechambers,
          mrwooster_statue_mirror

Skill      XL: |  1  2  3  4  5  6  7  8 |
---------------+-------------------------+-----
Translocations | 3 4 6 7 |  7.9
Fighting       | 4 5 6 8 |  8.0
Maces & Flails | 4 |  4.5
Throwing       | |  1.0
Dodging        | |  2.2
Spellcasting   | |  2.4

Action                     |  1- 3 |  4- 6 |  7- 9 || total
---------------------------+-------+-------+-------++-------
  Melee: Mace              |    68 |    16 |       ||    84
         Headbutt          |     6 |    21 |    28 ||    55
         Short sword       |       |   123 |    20 ||   143
         Giant club        |       |       |   273 ||   273
  Throw: Dart              |     1 |       |     6 ||     7
         Boomerang         |       |    48 |    16 ||    64
   Cast: Manifold Assault  |       |       |     7 ||     7
  Evoke: Wand              |       |       |     8 ||     8
    Use: Scroll            |       |     4 |     7 ||    11
         Potion            |       |     1 |     4 ||     5
   Stab: Sleeping          |     1 |       |       ||     1
 Armour: Robe              |    60 |   130 |   325 ||   515
  Dodge: Dodged            |    43 |    70 |   126 ||   239
         Repelled          |       |     5 |    10 ||    15
  Block: Other             |       |       |     6 ||     6

Table legend: (Time is in decaauts)
 A = Elapsed time spent in this place.
 B = Non-inter-level travel time spent in this place.
 C = Inter-level travel time spent in this place.
 D = Time resting spent in this place.
 E = Time spent auto-exploring this place.
 F = Levels seen in this place.
 G = Mean time per level.
                   A        B        C        D        E       F      G
               +--------+--------+--------+--------+--------+-----+--------+
         Total |   7440 |   7055 |    385 |   2842 |   2369 |   6 | 1240.0 |
       Dungeon |   7440 |   7055 |    385 |   2842 |   2369 |   6 | 1240.0 |
               +--------+--------+--------+--------+--------+-----+--------+

Top non-repeatable levels by time:
     D:4: 2387 daAuts
     D:3: 1762 daAuts
     D:2: 1091 daAuts
     D:5: 1019 daAuts
     D:1: 706 daAuts
     D:6: 472 daAuts
